[ PARTIDA AOE2 · #481192318 ]
UnrankedHunos vs Cumans
[ ANÁLISIS DE REPETICIÓN · EXTRAÍDO DE LA PARTIDA GRABADA ]
Feudal
9:50
Castillos
22:32
Imperial
—
| APM promedio | 5.7 |
| APM pico | 27 |
| eAPM promedio | 4.3 |
| Aldeanos / militares | 27 / 5 |
Foco
⚔️ 10.6% · 🌾 89.4%
Skirmisher ×5
Feudal
11:39
Castillos
—
Imperial
—
| APM promedio | 11.3 |
| APM pico | 28 |
| eAPM promedio | 8.5 |
| Aldeanos / militares | 58 / 0 |
Foco
⚔️ 6.9% · 🌾 93.1%
Feudal
9:50
Castillos
—
Imperial
—
| APM promedio | 18.8 |
| APM pico | 45 |
| eAPM promedio | 9.7 |
| Aldeanos / militares | 35 / 21 |
Foco
⚔️ 19.6% · 🌾 80.4%
Militia ×21
Feudal
14:39
Castillos
20:13
Imperial
—
| APM promedio | 8.5 |
| APM pico | 40 |
| eAPM promedio | 5.5 |
| Aldeanos / militares | 30 / 5 |
Foco
⚔️ 9.2% · 🌾 90.8%
Knight ×3 · Scout Cavalry ×2
Feudal
10:35
Castillos
14:34
Imperial
—
| APM promedio | 48.8 |
| APM pico | 78 |
| eAPM promedio | 17.7 |
| Aldeanos / militares | 52 / 27 |
Foco
⚔️ 23.2% · 🌾 76.8%
Knight ×27
Feudal
12:14
Castillos
18:27
Imperial
—
| APM promedio | 12.9 |
| APM pico | 38 |
| eAPM promedio | 9.7 |
| Aldeanos / militares | 67 / 0 |
Foco
⚔️ 10.0% · 🌾 90.0%
Feudal
14:17
Castillos
—
Imperial
—
| APM promedio | 10.1 |
| APM pico | 22 |
| eAPM promedio | 7.1 |
| Aldeanos / militares | 45 / 9 |
Foco
⚔️ 11.5% · 🌾 88.5%
Spearman ×9
Feudal
12:39
Castillos
17:00
Imperial
—
| APM promedio | 13.9 |
| APM pico | 35 |
| eAPM promedio | 5.6 |
| Aldeanos / militares | 30 / 6 |
Foco
⚔️ 10.9% · 🌾 89.1%
Knight ×6
Mapa de la partida
Recursos iniciales + cada clic de construcción. Líneas = muros · curvas = relieve. ◆ oro · ⬟ piedra · ● bayas · ✦ reliquia · ◌ hueco del cierre
Tu base· Abierta — flanco sin cerrar
Base de chanakya· Abierta — flanco sin cerrar
Base de marciano.gazu· Abierta — flanco sin cerrar
Base de ViejoKubata· Abierta — flanco sin cerrar
Base de colon irritado· Abierta — flanco sin cerrar
Base de Atomic· Abierta — flanco sin cerrar
Base de Mayo· Abierta — flanco sin cerrar
Base de titobr6· Abierta — flanco sin cerrar
Terreno inicial suavizado · ◌ = hueco del cierre detectado · pasá el cursor para detalles
Inputs por minuto
— nachoo.monroy - - chanakya
Build order — nachoo.monroy
59 acciones detectadas en el replay
| 0:30 | Crear | Villager (Male) |
| 0:30 | Crear | Villager (Male) |
| 0:31 | Crear | Villager (Male) |
| 0:31 | Crear | Villager (Male) |
| 0:31 | Crear | Villager (Male) |
| 0:34 | Investigar | Loom |
| 1:55 | Construir | Lumber Camp |
| 2:26 | Crear | Villager (Male) |
| 2:26 | Crear | Villager (Male) |
| 2:26 | Crear | Villager (Male) |
| 3:15 | Crear | Villager (Male) |
| 3:15 | Crear | Villager (Male) |
| 3:15 | Crear | Villager (Male) |
| 3:16 | Crear | Villager (Male) |
| 3:47 | Crear | Villager (Male) |
| 5:07 | Construir | Mill |
| 5:26 | Crear | Villager (Male) |
| 7:40 | Investigar | Feudal Age |
| 8:16 | Construir | Barracks |
| 8:26 | Crear | Villager (Male) |
| 8:26 | Crear | Villager (Male) |
| 8:27 | Crear | Villager (Male) |
| 9:50 | Edad | Edad Feudal |
| 10:02 | Crear | Villager (Male) |
| 10:03 | Crear | Villager (Male) |
| 10:03 | Crear | Villager (Male) |
| 10:27 | Construir | Mining Camp |
| 10:54 | Construir | Mining Camp |
| 11:26 | Construir | Blacksmith |
| 12:33 | Crear | Villager (Male) |
| 12:34 | Crear | Villager (Male) |
| 12:35 | Crear | Villager (Male) |
| 12:37 | Crear | Villager (Male) |
| 12:39 | Crear | Villager (Male) |
| 13:05 | Construir | Farm |
| 13:43 | Construir | Farm |
| 14:44 | Construir | Farm |
| 14:53 | Construir | Farm |
| 15:41 | Investigar | Wheelbarrow |
| 16:11 | Construir | Farm |
| 16:20 | Construir | Farm |
| 16:38 | Construir | Farm |
| 16:58 | Construir | Farm |
| 17:07 | Construir | Farm |
| 18:07 | Crear | Villager (Male) |
| 18:08 | Crear | Villager (Male) |
| 18:44 | Construir | Market |
| 19:13 | Construir | Archery Range |
| 19:30 | Investigar | Double-Bit Axe |
| 19:52 | Investigar | Castle Age |
| 20:29 | Construir | Stable |
| 21:25 | Crear | Skirmisher |
| 21:25 | Crear | Skirmisher |
| 21:26 | Crear | Skirmisher |
| 21:26 | Crear | Skirmisher |
| 21:26 | Crear | Skirmisher |
| 21:50 | Investigar | Padded Archer Armor |
| 21:54 | Investigar | Fletching |
| 22:32 | Edad | Edad de los Castillos |
Build order — chanakya
92 acciones detectadas en el replay
| 0:10 | Construir | House |
| 0:11 | Construir | House |
| 0:13 | Construir | House |
| 0:14 | Crear | Villager (Male) ×4 |
| 2:17 | Crear | Villager (Male) ×2 |
| 2:58 | Crear | Villager (Male) ×2 |
| 3:30 | Crear | Villager (Male) |
| 3:41 | Crear | Villager (Male) |
| 4:10 | Crear | Villager (Male) ×2 |
| 5:20 | Construir | House |
| 5:23 | Crear | Villager (Male) ×4 |
| 5:43 | Construir | Lumber Camp |
| 6:09 | Investigar | Loom |
| 6:13 | Construir | Mill |
| 6:37 | Crear | Villager (Male) ×5 |
| 7:03 | Construir | House |
| 8:29 | Construir | Mining Camp |
| 9:29 | Investigar | Feudal Age |
| 10:12 | Crear | Villager (Male) |
| 10:13 | Crear | Villager (Male) |
| 10:16 | Crear | Villager (Male) |
| 10:27 | Crear | Villager (Male) |
| 10:29 | Crear | Villager (Male) |
| 11:39 | Edad | Edad Feudal |
| 12:34 | Construir | Town Center |
| 13:49 | Investigar | Wheelbarrow |
| 14:07 | Construir | Farm |
| 14:25 | Crear | Villager (Male) |
| 14:27 | Crear | Villager (Male) |
| 14:29 | Construir | Farm |
| 14:34 | Crear | Villager (Male) |
| 15:20 | Construir | Farm |
| 15:22 | Construir | Farm |
| 16:16 | Crear | Villager (Male) |
| 16:17 | Crear | Villager (Male) |
| 16:17 | Crear | Villager (Male) |
| 16:18 | Crear | Villager (Male) |
| 16:23 | Crear | Villager (Male) |
| 16:43 | Construir | Mill |
| 16:47 | Construir | Farm |
| 16:48 | Construir | Farm |
| 16:48 | Construir | Farm |
| 16:48 | Construir | Farm |
| 16:49 | Construir | Farm |
| 16:49 | Construir | Farm |
| 16:50 | Construir | Farm |
| 16:50 | Construir | Farm |
| 16:51 | Construir | Farm |
| 17:18 | Construir | House |
| 17:22 | Construir | House |
| 17:25 | Construir | House |
| 17:42 | Crear | Villager (Male) |
| 17:42 | Crear | Villager (Male) |
| 17:50 | Construir | Farm |
| 17:50 | Construir | Farm |
| 17:50 | Construir | Farm |
| 17:51 | Construir | Farm |
| 17:55 | Crear | Villager (Male) |
| 17:56 | Crear | Villager (Male) |
| 18:49 | Crear | Villager (Male) ×5 |
| 18:52 | Crear | Villager (Male) |
| 18:53 | Crear | Villager (Male) |
| 18:53 | Crear | Villager (Male) |
| 19:12 | Construir | Mill |
| 19:13 | Construir | Farm |
| 19:13 | Construir | Farm |
| 19:13 | Construir | Farm |
| 19:14 | Construir | Farm |
| 19:14 | Construir | Farm |
| 19:14 | Construir | Farm |
| 19:15 | Construir | Farm |
| 19:16 | Construir | Farm |
| 19:58 | Crear | Villager (Male) |
| 19:59 | Crear | Villager (Male) |
| 20:02 | Crear | Villager (Male) |
| 20:02 | Crear | Villager (Male) |
| 20:04 | Crear | Villager (Male) |
| 20:47 | Construir | Barracks |
| 21:00 | Crear | Villager (Male) |
| 21:14 | Construir | House |
| 21:27 | Construir | House |
| 21:34 | Construir | House |
| 22:37 | Construir | House |
| 22:41 | Construir | House |
| 22:53 | Crear | Villager (Male) |
| 22:54 | Crear | Villager (Male) |
| 22:54 | Crear | Villager (Male) |
| 22:56 | Crear | Villager (Male) |
| 22:56 | Crear | Villager (Male) |
| 22:57 | Crear | Villager (Male) |
| 23:02 | Construir | Blacksmith |
| 23:04 | Construir | Market |
Build order — marciano.gazu
105 acciones detectadas en el replay
| 0:05 | Construir | House |
| 0:06 | Construir | House |
| 0:07 | Crear | Villager (Male) |
| 0:21 | Crear | Villager (Male) |
| 0:29 | Crear | Villager (Male) |
| 0:46 | Crear | Villager (Male) |
| 1:47 | Crear | Villager (Male) |
| 2:23 | Crear | Villager (Male) |
| 3:05 | Crear | Villager (Male) |
| 3:12 | Crear | Villager (Male) |
| 3:35 | Construir | Mill |
| 3:48 | Crear | Villager (Male) |
| 4:05 | Crear | Villager (Male) |
| 4:35 | Construir | Lumber Camp |
| 4:39 | Crear | Villager (Male) |
| 5:01 | Investigar | Loom |
| 5:48 | Crear | Villager (Male) |
| 5:55 | Construir | House |
| 6:35 | Construir | Mining Camp |
| 6:42 | Crear | Villager (Male) |
| 7:15 | Crear | Villager (Male) |
| 7:18 | Investigar | Feudal Age |
| 7:54 | Crear | Villager (Male) |
| 9:21 | Crear | Villager (Male) |
| 9:50 | Edad | Edad Feudal |
| 9:51 | Crear | Villager (Male) |
| 10:08 | Construir | Barracks |
| 10:11 | Crear | Villager (Male) |
| 10:25 | Construir | House |
| 10:27 | Crear | Villager (Male) |
| 10:42 | Crear | Villager (Male) |
| 10:51 | Construir | Mining Camp |
| 11:08 | Construir | Farm |
| 11:10 | Construir | Farm |
| 11:11 | Crear | Villager (Male) |
| 11:24 | Investigar | Man-at-Arms (upgrade) |
| 11:34 | Construir | Lumber Camp |
| 11:37 | Construir | Farm |
| 11:40 | Crear | Villager (Male) |
| 11:56 | Crear | Militia |
| 11:57 | Crear | Militia |
| 11:57 | Crear | Militia |
| 12:02 | Construir | Farm |
| 12:23 | Construir | Farm |
| 12:29 | Construir | House |
| 12:33 | Construir | House |
| 12:35 | Construir | House |
| 12:38 | Crear | Villager (Male) |
| 13:17 | Construir | Farm |
| 13:23 | Crear | Militia |
| 13:39 | Construir | Farm |
| 13:54 | Crear | Militia |
| 14:09 | Crear | Villager (Male) |
| 14:15 | Construir | Farm |
| 14:39 | Construir | Blacksmith |
| 14:50 | Crear | Militia |
| 14:52 | Crear | Militia |
| 15:14 | Crear | Villager (Male) |
| 15:15 | Crear | Villager (Male) |
| 15:51 | Construir | Farm |
| 15:51 | Crear | Villager (Male) |
| 15:57 | Construir | Farm |
| 16:20 | Construir | Farm |
| 16:30 | Crear | Villager (Male) |
| 16:33 | Construir | Farm |
| 16:34 | Investigar | Forging |
| 16:46 | Crear | Militia |
| 16:46 | Crear | Militia |
| 16:47 | Crear | Militia |
| 17:15 | Construir | Farm |
| 17:20 | Crear | Villager (Male) |
| 18:06 | Construir | Farm |
| 19:00 | Investigar | Scale Mail Armor |
| 19:02 | Crear | Villager (Male) |
| 19:02 | Crear | Villager (Male) |
| 19:02 | Crear | Villager (Male) |
| 19:03 | Crear | Villager (Male) |
| 19:10 | Construir | House |
| 19:11 | Construir | House |
| 19:12 | Construir | House |
| 19:14 | Construir | House |
| 19:36 | Construir | House |
| 19:37 | Construir | House |
| 19:38 | Construir | House |
| 20:52 | Construir | Farm |
| 21:01 | Crear | Militia |
| 21:01 | Crear | Militia |
| 21:01 | Crear | Militia |
| 21:01 | Crear | Militia |
| 21:02 | Crear | Militia |
| 21:14 | Construir | Farm |
| 21:25 | Construir | Market |
| 21:30 | Construir | Farm |
| 21:57 | Construir | Farm |
| 22:26 | Crear | Villager (Male) |
| 22:59 | Crear | Villager (Male) |
| 23:02 | Investigar | Castle Age |
| 23:05 | Construir | Farm |
| 23:18 | Investigar | Wheelbarrow |
| 23:38 | Crear | Militia |
| 23:38 | Crear | Militia |
| 23:38 | Crear | Militia |
| 23:39 | Crear | Militia |
| 23:39 | Crear | Militia |
| 23:39 | Crear | Militia |
Build order — ViejoKubata
69 acciones detectadas en el replay
| 0:06 | Crear | Villager (Male) ×4 |
| 0:11 | Construir | House |
| 1:08 | Investigar | Loom |
| 1:26 | Construir | House |
| 1:29 | Construir | House |
| 1:38 | Construir | House |
| 2:08 | Crear | Villager (Male) |
| 2:46 | Construir | Lumber Camp |
| 2:51 | Crear | Villager (Male) |
| 3:23 | Crear | Villager (Male) |
| 3:23 | Crear | Villager (Male) |
| 3:42 | Crear | Villager (Male) |
| 4:01 | Crear | Villager (Male) |
| 4:30 | Crear | Villager (Male) |
| 4:56 | Crear | Villager (Male) |
| 5:35 | Construir | Mill |
| 5:38 | Crear | Villager (Male) |
| 6:04 | Crear | Villager (Male) |
| 6:09 | Crear | Villager (Male) |
| 6:51 | Crear | Villager (Male) |
| 7:02 | Construir | House |
| 7:03 | Construir | House |
| 7:08 | Crear | Villager (Male) |
| 7:29 | Construir | Mining Camp |
| 7:35 | Crear | Villager (Male) |
| 8:05 | Crear | Villager (Male) |
| 8:24 | Construir | Mining Camp |
| 8:29 | Construir | Barracks |
| 8:34 | Crear | Villager (Male) |
| 8:59 | Construir | House |
| 9:04 | Crear | Villager (Male) |
| 9:18 | Crear | Villager (Male) |
| 9:42 | Crear | Villager (Male) |
| 10:08 | Construir | Farm |
| 10:24 | Crear | Villager (Male) |
| 11:02 | Construir | Farm |
| 11:03 | Construir | Farm |
| 11:27 | Crear | Villager (Male) |
| 12:01 | Construir | Farm |
| 12:04 | Crear | Villager (Male) |
| 12:29 | Investigar | Feudal Age |
| 13:17 | Construir | Farm |
| 13:26 | Crear | Villager (Male) |
| 13:27 | Crear | Villager (Male) |
| 14:37 | Construir | Lumber Camp |
| 14:39 | Edad | Edad Feudal |
| 15:11 | Construir | Stable |
| 15:17 | Crear | Villager (Male) |
| 15:48 | Construir | Mill |
| 16:12 | Construir | Farm |
| 16:26 | Construir | Blacksmith |
| 16:36 | Construir | Farm |
| 16:50 | Construir | House |
| 16:51 | Construir | House |
| 17:01 | Crear | Villager (Male) |
| 17:12 | Construir | Archery Range |
| 17:20 | Construir | Gate |
| 17:31 | Construir | Farm |
| 17:33 | Investigar | Castle Age |
| 18:01 | Crear | Scout Cavalry |
| 18:01 | Crear | Scout Cavalry |
| 18:11 | Construir | Watch Tower |
| 19:36 | Construir | Watch Tower |
| 19:56 | Construir | Watch Tower |
| 20:13 | Edad | Edad de los Castillos |
| 21:08 | Crear | Knight |
| 21:09 | Crear | Knight |
| 21:09 | Crear | Knight |
| 21:26 | Construir | Farm |
Build order — colon irritado
125 acciones detectadas en el replay
| 0:01 | Crear | Villager (Male) |
| 0:02 | Crear | Villager (Male) |
| 0:02 | Crear | Villager (Male) |
| 0:02 | Crear | Villager (Male) |
| 0:03 | Crear | Villager (Male) |
| 0:03 | Crear | Villager (Male) |
| 0:03 | Crear | Villager (Male) |
| 0:05 | Construir | House |
| 0:07 | Construir | House |
| 1:32 | Crear | Villager (Male) |
| 1:32 | Crear | Villager (Male) |
| 2:05 | Construir | Lumber Camp |
| 2:09 | Crear | Villager (Male) |
| 2:10 | Crear | Villager (Male) |
| 2:39 | Crear | Villager (Male) |
| 2:39 | Crear | Villager (Male) |
| 2:59 | Construir | House |
| 3:00 | Crear | Villager (Male) |
| 3:19 | Crear | Villager (Male) |
| 3:20 | Crear | Villager (Male) |
| 3:43 | Crear | Villager (Male) |
| 3:43 | Crear | Villager (Male) |
| 4:19 | Crear | Villager (Male) |
| 4:20 | Crear | Villager (Male) |
| 4:53 | Crear | Villager (Male) |
| 4:53 | Crear | Villager (Male) |
| 4:53 | Crear | Villager (Male) |
| 5:25 | Construir | House |
| 5:33 | Crear | Villager (Male) |
| 5:33 | Crear | Villager (Male) |
| 5:33 | Crear | Villager (Male) |
| 5:33 | Crear | Villager (Male) |
| 5:34 | Crear | Villager (Male) |
| 5:53 | Crear | Villager (Male) |
| 5:53 | Crear | Villager (Male) |
| 7:03 | Construir | Mill |
| 7:36 | Crear | Villager (Male) |
| 7:39 | Crear | Villager (Male) |
| 8:00 | Investigar | Loom |
| 8:31 | Investigar | Feudal Age |
| 9:08 | Construir | House |
| 9:48 | Construir | Mining Camp |
| 10:35 | Edad | Edad Feudal |
| 10:38 | Crear | Villager (Male) |
| 11:06 | Construir | Market |
| 11:10 | Construir | Blacksmith |
| 11:12 | Crear | Villager (Male) |
| 11:17 | Crear | Villager (Male) |
| 11:56 | Crear | Villager (Male) |
| 12:07 | Investigar | Castle Age |
| 12:51 | Construir | Barracks |
| 13:10 | Construir | House |
| 13:12 | Construir | House |
| 13:18 | Investigar | Double-Bit Axe |
| 13:52 | Construir | Stable |
| 14:04 | Crear | Villager (Male) |
| 14:05 | Crear | Villager (Male) |
| 14:18 | Construir | Farm |
| 14:19 | Construir | Farm |
| 14:19 | Construir | Farm |
| 14:34 | Edad | Edad de los Castillos |
| 14:37 | Crear | Knight |
| 14:37 | Crear | Knight |
| 14:37 | Crear | Knight |
| 14:37 | Crear | Knight |
| 14:47 | Construir | Farm |
| 14:47 | Crear | Villager (Male) |
| 14:48 | Crear | Villager (Male) |
| 15:05 | Crear | Villager (Male) |
| 15:21 | Construir | Farm |
| 15:43 | Crear | Knight |
| 15:44 | Crear | Knight |
| 15:49 | Crear | Villager (Male) |
| 15:59 | Construir | Farm |
| 15:59 | Construir | Farm |
| 16:07 | Construir | Farm |
| 16:08 | Construir | Farm |
| 16:08 | Construir | Farm |
| 16:08 | Construir | Farm |
| 16:21 | Crear | Villager (Male) |
| 16:27 | Construir | Farm |
| 16:59 | Crear | Knight |
| 16:59 | Crear | Knight |
| 16:59 | Crear | Knight |
| 17:40 | Crear | Knight |
| 17:40 | Crear | Knight |
| 17:41 | Crear | Knight |
| 17:41 | Crear | Knight |
| 18:17 | Crear | Knight |
| 18:18 | Crear | Knight |
| 18:18 | Crear | Knight |
| 18:20 | Crear | Villager (Male) |
| 18:24 | Construir | Stable |
| 18:26 | Construir | House |
| 19:25 | Crear | Knight |
| 19:36 | Crear | Villager (Male) |
| 19:38 | Construir | Farm |
| 19:39 | Construir | Farm |
| 19:39 | Construir | Farm |
| 19:39 | Construir | Farm |
| 19:59 | Crear | Knight |
| 19:59 | Crear | Knight |
| 19:59 | Crear | Knight |
| 20:26 | Crear | Villager (Male) |
| 20:29 | Construir | House |
| 20:29 | Construir | House |
| 20:29 | Construir | House |
| 20:30 | Construir | House |
| 20:30 | Construir | House |
| 21:41 | Investigar | Scale Barding Armor |
| 21:42 | Crear | Villager (Male) |
| 21:52 | Construir | Town Center |
| 22:39 | Crear | Villager (Male) |
| 22:39 | Crear | Villager (Male) |
| 22:42 | Crear | Knight |
| 22:42 | Crear | Knight |
| 22:43 | Crear | Knight |
| 22:43 | Crear | Knight |
| 22:43 | Crear | Knight |
| 22:44 | Crear | Knight |
| 22:51 | Construir | House |
| 23:31 | Crear | Knight |
| 23:33 | Crear | Villager (Male) |
| 23:34 | Crear | Villager (Male) |
| 23:34 | Crear | Villager (Male) |
Build order — Atomic
146 acciones detectadas en el replay
| 0:04 | Crear | Villager (Male) |
| 0:04 | Crear | Villager (Male) |
| 0:04 | Crear | Villager (Male) |
| 0:05 | Crear | Villager (Male) |
| 0:06 | Construir | House |
| 0:29 | Construir | House |
| 1:27 | Crear | Villager (Male) |
| 1:27 | Crear | Villager (Male) |
| 1:57 | Crear | Villager (Male) |
| 1:57 | Crear | Villager (Male) |
| 2:13 | Crear | Villager (Male) |
| 2:14 | Crear | Villager (Male) |
| 2:36 | Crear | Villager (Male) |
| 2:37 | Crear | Villager (Male) |
| 2:37 | Crear | Villager (Male) |
| 3:09 | Crear | Villager (Male) |
| 3:09 | Crear | Villager (Male) |
| 3:18 | Construir | House |
| 3:22 | Construir | House |
| 3:26 | Crear | Villager (Male) |
| 3:48 | Construir | Mill |
| 3:53 | Crear | Villager (Male) |
| 3:54 | Crear | Villager (Male) |
| 3:54 | Crear | Villager (Male) |
| 4:29 | Crear | Villager (Male) |
| 4:30 | Crear | Villager (Male) |
| 5:02 | Crear | Villager (Male) |
| 5:02 | Crear | Villager (Male) |
| 5:35 | Crear | Villager (Male) |
| 5:36 | Crear | Villager (Male) |
| 6:02 | Crear | Villager (Male) |
| 6:02 | Crear | Villager (Male) |
| 6:40 | Construir | Lumber Camp |
| 6:52 | Crear | Villager (Male) |
| 6:52 | Crear | Villager (Male) |
| 6:53 | Crear | Villager (Male) |
| 6:53 | Crear | Villager (Male) |
| 7:10 | Crear | Villager (Male) |
| 7:31 | Crear | Villager (Male) |
| 7:31 | Crear | Villager (Male) |
| 7:32 | Crear | Villager (Male) |
| 7:46 | Crear | Villager (Male) |
| 7:47 | Crear | Villager (Male) |
| 7:47 | Crear | Villager (Male) |
| 7:47 | Crear | Villager (Male) |
| 8:09 | Construir | House |
| 8:12 | Construir | House |
| 8:14 | Construir | House |
| 8:17 | Construir | House |
| 8:24 | Crear | Villager (Male) |
| 8:25 | Crear | Villager (Male) |
| 8:25 | Crear | Villager (Male) |
| 8:25 | Crear | Villager (Male) |
| 9:13 | Construir | Mining Camp |
| 9:46 | Construir | House |
| 9:48 | Construir | House |
| 9:49 | Construir | House |
| 9:58 | Investigar | Feudal Age |
| 10:10 | Construir | House |
| 10:14 | Construir | House |
| 10:17 | Construir | House |
| 10:20 | Construir | House |
| 10:46 | Construir | Palisade Gate |
| 10:52 | Construir | House |
| 11:16 | Construir | Farm |
| 11:17 | Construir | Farm |
| 11:19 | Construir | Farm |
| 11:21 | Construir | Farm |
| 11:23 | Construir | Farm |
| 11:24 | Construir | Farm |
| 11:50 | Construir | Farm |
| 11:51 | Construir | Farm |
| 11:53 | Construir | Farm |
| 12:14 | Edad | Edad Feudal |
| 12:17 | Construir | House |
| 12:23 | Construir | Farm |
| 12:23 | Construir | Farm |
| 12:24 | Construir | Farm |
| 12:37 | Crear | Villager (Male) |
| 12:38 | Crear | Villager (Male) |
| 12:38 | Crear | Villager (Male) |
| 12:38 | Crear | Villager (Male) |
| 12:51 | Construir | House |
| 12:53 | Construir | House |
| 13:06 | Construir | Palisade Gate |
| 13:38 | Construir | Market |
| 13:52 | Crear | Villager (Male) |
| 13:53 | Crear | Villager (Male) |
| 13:53 | Crear | Villager (Male) |
| 13:53 | Crear | Villager (Male) |
| 14:06 | Construir | Farm |
| 14:06 | Construir | Farm |
| 14:06 | Construir | Farm |
| 14:07 | Construir | Farm |
| 14:39 | Construir | Blacksmith |
| 15:21 | Construir | Farm |
| 15:21 | Construir | Farm |
| 15:35 | Construir | Farm |
| 15:36 | Construir | Farm |
| 15:36 | Construir | Farm |
| 15:47 | Investigar | Castle Age |
| 16:08 | Construir | Farm |
| 16:09 | Construir | Farm |
| 16:18 | Investigar | Double-Bit Axe |
| 17:01 | Construir | Palisade Gate |
| 17:12 | Construir | House |
| 17:39 | Investigar | Wheelbarrow |
| 17:46 | Investigar | Horse Collar |
| 17:53 | Investigar | Stone Mining |
| 18:27 | Edad | Edad de los Castillos |
| 18:57 | Crear | Villager (Male) |
| 18:57 | Crear | Villager (Male) |
| 18:58 | Crear | Villager (Male) |
| 18:58 | Crear | Villager (Male) |
| 19:22 | Construir | Town Center |
| 19:35 | Construir | Town Center |
| 19:47 | Investigar | Bow Saw |
| 19:49 | Investigar | Heavy Plow |
| 20:07 | Crear | Villager (Male) |
| 20:08 | Crear | Villager (Male) |
| 20:08 | Crear | Villager (Male) |
| 20:42 | Construir | Farm |
| 20:43 | Construir | Farm |
| 20:43 | Construir | Farm |
| 20:43 | Construir | Farm |
| 20:54 | Crear | Villager (Male) |
| 20:57 | Crear | Villager (Male) |
| 21:22 | Crear | Villager (Male) |
| 21:22 | Crear | Villager (Male) |
| 21:23 | Crear | Villager (Male) |
| 21:23 | Crear | Villager (Male) |
| 21:23 | Crear | Villager (Male) |
| 21:24 | Crear | Villager (Male) |
| 21:24 | Crear | Villager (Male) |
| 21:34 | Construir | Farm |
| 21:35 | Construir | Farm |
| 21:35 | Construir | Farm |
| 21:36 | Construir | Farm |
| 21:36 | Construir | Farm |
| 21:36 | Construir | Farm |
| 21:36 | Construir | Farm |
| 21:56 | Construir | House |
| 22:12 | Construir | Farm |
| 22:12 | Construir | Farm |
| 22:13 | Construir | Farm |
| 22:13 | Construir | Farm |
Build order — Mayo
95 acciones detectadas en el replay
| 0:06 | Construir | House |
| 0:08 | Construir | House |
| 0:33 | Crear | Villager (Male) |
| 0:34 | Crear | Villager (Male) |
| 0:34 | Crear | Villager (Male) |
| 0:34 | Crear | Villager (Male) |
| 0:34 | Crear | Villager (Male) |
| 1:45 | Crear | Villager (Male) |
| 1:46 | Crear | Villager (Male) |
| 2:18 | Crear | Villager (Male) |
| 2:18 | Crear | Villager (Male) |
| 2:44 | Crear | Villager (Male) |
| 2:44 | Crear | Villager (Male) |
| 3:13 | Crear | Villager (Male) |
| 3:14 | Crear | Villager (Male) |
| 3:14 | Crear | Villager (Male) |
| 3:47 | Construir | House |
| 4:00 | Crear | Villager (Male) |
| 4:01 | Crear | Villager (Male) |
| 4:21 | Crear | Villager (Male) |
| 4:21 | Crear | Villager (Male) |
| 4:21 | Crear | Villager (Male) |
| 4:42 | Construir | Lumber Camp |
| 4:59 | Construir | Mill |
| 5:24 | Investigar | Loom |
| 5:25 | Crear | Villager (Male) |
| 5:25 | Crear | Villager (Male) |
| 6:06 | Crear | Villager (Male) |
| 6:06 | Crear | Villager (Male) |
| 6:07 | Crear | Villager (Male) |
| 6:07 | Crear | Villager (Male) |
| 6:43 | Crear | Villager (Male) |
| 6:44 | Crear | Villager (Male) |
| 6:44 | Crear | Villager (Male) |
| 7:18 | Crear | Villager (Male) |
| 7:29 | Construir | House |
| 7:38 | Construir | House |
| 7:40 | Construir | House |
| 7:53 | Construir | House |
| 8:02 | Crear | Villager (Male) |
| 8:03 | Crear | Villager (Male) |
| 8:03 | Crear | Villager (Male) |
| 8:03 | Crear | Villager (Male) |
| 9:09 | Construir | Palisade Gate |
| 9:27 | Construir | House |
| 9:29 | Construir | House |
| 9:38 | Construir | House |
| 9:53 | Construir | Mining Camp |
| 11:41 | Construir | Farm |
| 11:41 | Construir | Farm |
| 11:42 | Construir | Farm |
| 11:42 | Construir | Farm |
| 11:43 | Construir | Farm |
| 11:44 | Construir | Farm |
| 11:45 | Construir | Farm |
| 11:46 | Construir | Farm |
| 12:07 | Investigar | Feudal Age |
| 12:07 | Crear | Villager (Male) |
| 12:08 | Crear | Villager (Male) |
| 12:08 | Crear | Villager (Male) |
| 12:08 | Crear | Villager (Male) |
| 12:09 | Crear | Villager (Male) |
| 12:09 | Crear | Villager (Male) |
| 13:02 | Crear | Villager (Male) |
| 13:42 | Crear | Villager (Male) |
| 13:42 | Crear | Villager (Male) |
| 14:17 | Edad | Edad Feudal |
| 14:28 | Construir | Blacksmith |
| 14:48 | Construir | Market |
| 15:22 | Construir | Mining Camp |
| 15:34 | Investigar | Double-Bit Axe |
| 15:44 | Investigar | Scale Barding Armor |
| 15:57 | Construir | Barracks |
| 16:05 | Investigar | Gold Mining |
| 16:12 | Investigar | Stone Mining |
| 16:19 | Crear | Villager (Male) |
| 16:19 | Crear | Villager (Male) |
| 16:20 | Crear | Villager (Male) |
| 17:04 | Construir | Stone Wall |
| 17:14 | Construir | Mining Camp |
| 17:29 | Crear | Spearman |
| 17:29 | Crear | Spearman |
| 17:29 | Crear | Spearman |
| 17:29 | Crear | Spearman |
| 17:49 | Crear | Spearman |
| 20:03 | Construir | Farm |
| 20:04 | Construir | Farm |
| 20:04 | Construir | Farm |
| 20:05 | Construir | Farm |
| 20:06 | Construir | Farm |
| 20:56 | Crear | Spearman |
| 21:40 | Crear | Spearman |
| 21:40 | Crear | Spearman |
| 21:40 | Crear | Spearman |
| 21:56 | Construir | Watch Tower |
Build order — titobr6
67 acciones detectadas en el replay
| 0:10 | Construir | House |
| 0:16 | Construir | House |
| 0:23 | Crear | Villager (Male) |
| 0:23 | Crear | Villager (Male) |
| 0:24 | Crear | Villager (Male) |
| 0:24 | Crear | Villager (Male) |
| 0:24 | Crear | Villager (Male) |
| 2:07 | Crear | Villager (Male) |
| 2:07 | Crear | Villager (Male) |
| 2:53 | Crear | Villager (Male) |
| 2:54 | Crear | Villager (Male) |
| 3:33 | Crear | Villager (Male) |
| 3:34 | Crear | Villager (Male) |
| 3:34 | Crear | Villager (Male) |
| 5:07 | Crear | Villager (Male) |
| 5:08 | Crear | Villager (Male) |
| 5:08 | Crear | Villager (Male) |
| 5:20 | Investigar | Loom |
| 6:05 | Construir | House |
| 7:45 | Crear | Villager (Male) |
| 7:45 | Crear | Villager (Male) |
| 7:45 | Crear | Villager (Male) |
| 9:36 | Construir | Mill |
| 9:38 | Crear | Villager (Male) |
| 9:39 | Crear | Villager (Male) |
| 10:11 | Construir | House |
| 10:29 | Investigar | Feudal Age |
| 11:02 | Construir | Mining Camp |
| 11:31 | Construir | Lumber Camp |
| 12:39 | Edad | Edad Feudal |
| 13:29 | Crear | Villager (Male) |
| 13:30 | Crear | Villager (Male) |
| 13:45 | Investigar | Double-Bit Axe |
| 14:04 | Construir | Stable |
| 14:12 | Investigar | Castle Age |
| 14:38 | Construir | Mining Camp |
| 15:10 | Construir | House |
| 15:19 | Investigar | Horse Collar |
| 15:43 | Investigar | Bloodlines |
| 16:06 | Construir | Blacksmith |
| 17:00 | Edad | Edad de los Castillos |
| 17:04 | Construir | Farm |
| 17:07 | Crear | Knight |
| 17:08 | Crear | Knight |
| 17:08 | Crear | Knight |
| 17:17 | Crear | Villager (Male) |
| 17:18 | Crear | Villager (Male) |
| 17:27 | Construir | Farm |
| 17:51 | Construir | Farm |
| 17:52 | Construir | Farm |
| 17:58 | Construir | Farm |
| 18:02 | Crear | Knight |
| 18:21 | Crear | Villager (Male) |
| 18:22 | Crear | Villager (Male) |
| 18:57 | Construir | Farm |
| 19:00 | Crear | Villager (Male) |
| 19:00 | Crear | Villager (Male) |
| 19:34 | Construir | House |
| 19:35 | Construir | House |
| 19:36 | Construir | House |
| 19:49 | Investigar | Scale Barding Armor |
| 20:58 | Investigar | Forging |
| 22:58 | Investigar | Iron Casting |
| 23:02 | Crear | Knight |
| 23:02 | Crear | Knight |
| 23:07 | Crear | Villager (Male) |
| 23:07 | Crear | Villager (Male) |
Cronología de la partida
| 8:16 | nachoo.monroy · first_building Barracks |
| 8:29 | ViejoKubata · first_building Barracks |
| 9:50 | marciano.gazu · age_up feudal |
| 9:50 | nachoo.monroy · age_up feudal |
| 10:08 | marciano.gazu · first_building Barracks |
| 10:35 | colon irritado · age_up feudal |
| 11:39 | chanakya · age_up feudal |
| 12:03 | colon irritado · first_market_sell 100 wood |
| 12:14 | Atomic · age_up feudal |
| 12:39 | titobr6 · age_up feudal |
| 12:51 | colon irritado · first_building Barracks |
| 13:52 | colon irritado · first_building Stable |
| 14:04 | titobr6 · first_building Stable |
| 14:17 | Mayo · age_up feudal |
| 14:34 | colon irritado · age_up castle |
| 14:39 | ViejoKubata · age_up feudal |
| 15:11 | ViejoKubata · first_building Stable |
| 15:57 | Mayo · first_building Barracks |
| 17:00 | titobr6 · age_up castle |
| 17:04 | Mayo · wall_segment Stone Wall x15 |
| 17:12 | ViejoKubata · first_building Archery Range |
| 18:27 | Atomic · age_up castle |
| 19:13 | nachoo.monroy · first_building Archery Range |
| 20:13 | ViejoKubata · age_up castle |
| 20:29 | nachoo.monroy · first_building Stable |
| 20:47 | chanakya · first_building Barracks |
| 22:27 | ViejoKubata · resign |
| 22:32 | nachoo.monroy · age_up castle |
[ ANÁLISIS IA · 1 CRÉDITO ]
¿Qué pasó realmente en esta partida?
Wolo.gg analiza cada decisión: build order, eco, micro, errores típicos por bracket. Análisis personalizado por WhatsApp o Discord en 30 segundos.
Guía civ
Hunos
Perfil
Jugador #5622913